 Dungeon Crawl Stone Soup version 0.30-a0-377-g5cb311bc9f (webtiles) character file.

Game seed: 17980600997988809958

1 zergo the Trooper (level 1, 16/19 HPs)
             Began as a Draconian Chaos Knight on Nov 28, 2022.
             Quit the game on level 1 of the Dungeon.
             The game lasted 00:01:34 (38 turns).

zergo the Trooper (Draconian Chaos Knight)            Turns: 38, Time: 00:01:35

Health: 16/19      AC:  4    Str: 14    XL:     1   Next: 16%
Magic:  1/1        EV: 12    Int: 12    God:
Gold:   0          SH:  0    Dex: 10    Spells: 0/0 levels left

rFire   . . .      SeeInvis .    a - +0 hand axe (chaos)
rCold   . . .      Faith    .    (no shield)
rNeg    . . .      Spirit   .    (body armour unavailable)
rPois   .          Reflect  .    (helmet restricted)
rElec   .          Harm     .    (no cloak)
rCorr   .          Rampage  .    (no gloves)
Will    .....                    (no boots)
Stlth   +.........               (no amulet)
HPRegen 0.23/turn                (no ring)
MPRegen 0.07/turn                (no ring)

@: no status effects
A: AC +4, unfitting armour, cold-blooded
a: no special abilities


You were on level 1 of the Dungeon.
You visited 1 branch of the dungeon, and saw 1 of its levels.

Inventory:

Hand Weapons
 a - a +0 hand axe of chaos (weapon)
Scrolls
 c - a scroll of enchant armour {unknown}
Miscellaneous
 b - a piece from Xom's chessboard (15/15) (quivered)


   Skills:
 + Level 3.3 Fighting
 + Level 3.0 Axes
 + Level 2.1 Dodging


You couldn't memorise any spells.
You didn't know any spells.
Your spell library was empty.

Dungeon Overview and Level Annotations

Branches:
Dungeon (1/15)

Altars:


Innate Abilities, Weirdness & Mutations

Your plain brown scales are hard. (AC +4)
You cannot fit into any form of body armour.
You are cold-blooded and may be slowed by cold attacks.


Message History

Welcome, zergo the Draconian Chaos Knight.
You feel drawn to the Orb of Zot, downwards into the unfathomable depths...
Xom says: A new plaything!
Press ? for a list of commands and other information.
Found a helmet.
Found a staircase leading out of the dungeon.
You see here a +0 helmet.
Found a pair of gloves.
Found a scroll labelled WULEPS MEUFIEN.
c - a scroll labelled WULEPS MEUFIEN Unknown command.
Found a scroll labelled AXE LEUXAN.
You see here a +0 pair of gloves.
A goblin comes into view. It is wielding a +0 club.
The goblin shouts!
Found a dark potion.
Really renounce your faith, foregoing its fabulous benefits? [Y]es or [N]o only, please.
Really renounce your faith, foregoing its fabulous benefits? [Y]es or [N]o only, please.
Really renounce your faith, foregoing its fabulous benefits?
Uppercase [Y]es or [N]o only, please.
Really renounce your faith, foregoing its fabulous benefits? [Y]es or [N]o only, please.
Really renounce your faith, foregoing its fabulous benefits?
Uppercase [Y]es or [N]o only, please.
Really renounce your faith, foregoing its fabulous benefits?
Uppercase [Y]es or [N]o only, please.
Really renounce your faith, foregoing its fabulous benefits?
Are you sure?
You have lost your religion!
Xom does not appreciate desertion!
The goblin hits you with a +0 club.
You see here a scroll labelled AXE LEUXAN.
You hit the goblin.
The goblin seems to slow down.
The goblin is heavily wounded.
You hit the goblin.
You kill the goblin!
Char dumped successfully.
Are you sure you want to abandon this character and quit the game? (Confirm with "yes".)

................#
.#.####.##..###.#
# #.##..#
######.##..#
........[#..#
.######..#..#
#..#..#
######..#..####
.......@.....!#
....##.)#..##.#
... #..#..# ..
.... ... # ##...
.### ..... #
..... ##..#..


There were no monsters in sight!

Vanquished Creatures
  A goblin (D:1)
1 creature vanquished.

Notes
Turn   | Place    | Note
-------+----------+-------------------------------------------
     0 | D:1      | zergo the Draconian Chaos Knight began the quest for the
                  | Orb.
     0 | D:1      | Reached XP level 1. HP: 19/19 MP: 1/1
    34 | D:1      | Fell from the grace of Xom
    38 | D:1      | Quit the game

Illustrated notes

Levels and vault maps discovered:
D:1:      tarquinn_simple_flora_water_a, layout_basic, amcnicky_mini_pool_small,
          minmay_misc_feat_room

Action                   || total
-------------------------++-------
Melee: Hand axe          ||     2
Invok: Renounce Religion ||     1

Table legend: (Time is in decaauts)
 A = Elapsed time spent in this place.
 B = Non-inter-level travel time spent in this place.
 C = Inter-level travel time spent in this place.
 D = Time resting spent in this place.
 E = Time spent auto-exploring this place.
 F = Levels seen in this place.
 G = Mean time per level.
                   A        B        C        D        E       F      G
               +--------+--------+--------+--------+--------+-----+--------+
         Total |     38 |      7 |     31 |      0 |      0 |   1 |   38.0 |
       Dungeon |     38 |      7 |     31 |      0 |      0 |   1 |   38.0 |
               +--------+--------+--------+--------+--------+-----+--------+

Top non-repeatable levels by time:
     D:1: 38 daAuts
